[Event "WYCC 2018 G14"]
[Site "Halkidiki"]
[Date "2018.10.27"]
[Round "8"]
[White "De Rycke, Tyani"]
[Black "Guillo Longares, Cecilia"]
[Result "1-0"]
[ECO "B26"]
[WhiteElo "1758"]
[BlackElo "1998"]
[Annotator "NA"]
[PlyCount "101"]
[EventDate "2018.10.20"]
[EventType "swiss"]
[EventCountry "GRE"]
[SourceTitle "playchess.com"]
[Source "ChessBase"]
[SourceQuality "1"]
[TimeControl "40/5400+30:1800+30"]

1. e4 c5 2. Nc3 Nc6 3. g3 g6 4. Bg2 Bg7 5. d3 d6 6. Be3 e6 7. Qd2 Nd4 8. Nge2 Ne7 9. O-O O-O 10. f4 Rb8 11. Nd1 b6 12. c3 Nxe2+ 13. Qxe2 f5 14. Qd2 e5 15. d4 exd4 16. cxd4 fxe4 17. Bxe4 d5 18. Bg2 c4 19. Nc3 Bb7 20. b3 Nf5 21. Bf2 a6 22. g4 Ne7 23. Bg3 Rc8 24. Rfe1 Bf6 25. Re6 b5 26. b4 Qd7 27. Rae1 Rce8 28. Bf2 Bc6 29. Qe2 Rf7 30. Qf3 Ref8 31. Qg3 Kh8 32. Qe3 Re8 33. Bh3 Qc7 34. Bg2 Bd7 35. Nxd5 Nxd5 36. Rxe8+ Bxe8 37. Qxe8+ Kg7 38. Bxd5 Rf8 39. Qe4 Qd6 40. g5 Bd8 41. Bg3 Bc7 42. f5 gxf5 43. Bxd6 fxe4 44. Bxf8+ Kxf8 45. Bxe4 Bb6 46. Rd1 Kg7 47. Bb7 c3 48. Kf1 Bxd4 49. Rxd4 c2 50. Rd7+ Kf8 51. Rc7 1-0

[Event "WYCC 2018 G14"]
[Site "Halkidiki"]
[Date "2018.10.27"]
[Round "8"]
[White "Mocanu, Paula"]
[Black "Randrianarimanana, Alicia"]
[Result "0-1"]
[ECO "B30"]
[WhiteElo "1680"]
[BlackElo "1947"]
[Annotator "NA"]
[PlyCount "119"]
[EventDate "2018.10.20"]
[EventType "swiss"]
[EventCountry "GRE"]
[SourceTitle "playchess.com"]
[Source "ChessBase"]
[SourceQuality "1"]
[TimeControl "40/5400+30:1800+30"]

1. e4 c5 2. Nf3 Nc6 3. Bb5 Nf6 4. Bxc6 bxc6 5. d3 g6 6. Nc3 Bg7 7. h3 O-O 8. Be3 d6 9. Qd2 Rb8 10. Rb1 Re8 11. O-O e5 12. Bh6 Ba6 13. Bxg7 Kxg7 14. b3 Qa5 15. Na4 Qc7 16. Rfe1 Nh5 17. g3 Bc8 18. Kg2 h6 19. Rh1 Be6 20. Rbe1 Qd7 21. Qc3 Kh7 22. Nb2 f5 23. Nc4 f4 24. Ncd2 fxg3 25. fxg3 Rf8 26. Ref1 Rf7 27. Nxe5 dxe5 28. Rxf7+ Qxf7 29. Qxe5 Re8 30. Qxc5 Qc7 31. Qe3 Rf8 32. Rf1 Rxf1 33. Nxf1 Qf7 34. Nd2 g5 35. Nf3 Qd7 36. Ne5 Bxh3+ 37. Kh2 Qc7 38. Nxc6 Qxc6 39. Kxh3 Qc8+ 40. g4 Nf4+ 41. Kg3 Qc7 42. e5 Qxc2 43. Qxa7+ Kg8 44. Qa8+ Kf7 45. Qb7+ Ke6 46. Qb6+ Kxe5 47. Qe3+ Kd5 48. Qe4+ Kd6 49. Qb4+ Qc5 50. Qb8+ Kd5 51. Qd8+ Qd6 52. Qa8+ Kd4 53. Qe4+ Kc3 54. Qe1+ Kc2 55. Qf2+ Kxd3 56. Qf3+ Kc2 57. Qf2+ Qd2 58. Qxd2+ Kxd2 59. b4 Nd5 60. a3 0-1

[Event "WYCC 2018 G14"]
[Site "Halkidiki"]
[Date "2018.10.27"]
[Round "8"]
[White "Yellamraju, Ambica"]
[Black "Bardorz, Jana"]
[Result "1/2-1/2"]
[ECO "E68"]
[WhiteElo "1647"]
[BlackElo "1810"]
[Annotator "NA"]
[PlyCount "77"]
[EventDate "2018.10.20"]
[EventType "swiss"]
[EventCountry "GRE"]
[SourceTitle "playchess.com"]
[Source "ChessBase"]
[SourceQuality "1"]
[TimeControl "40/5400+30:1800+30"]

1. d4 Nf6 2. c4 g6 3. g3 Bg7 4. Bg2 O-O 5. Nf3 d6 6. Nc3 Nbd7 7. O-O e5 8. e4 c6 9. Re1 exd4 10. Nxd4 Ng4 11. Nxc6 bxc6 12. Qxg4 Ne5 13. Qd1 Nxc4 14. Qc2 Rb8 15. Rb1 Qa5 16. Bd2 Be6 17. Red1 Nxd2 18. Qxd2 Rfd8 19. a3 Bb3 20. Rdc1 d5 21. exd5 Bxd5 22. Bxd5 Rxd5 23. Qf4 Be5 24. Qf3 Rc5 25. b4 Qxa3 26. bxc5 Rxb1 27. Rxb1 Bxc3 28. Qxc6 Bd4 29. Qe8+ Kg7 30. Qe4 Qxc5 31. Qf3 a5 32. Rb7 Qc4 33. Qb3 Qc1+ 34. Kg2 Qc6+ 35. Qf3 Qe6 36. Qb3 Qc6+ 37. Qf3 Qe6 38. Qb3 Qc6+ 39. Qf3 1/2-1/2

[Event "WYCC 2018 G14"]
[Site "Halkidiki"]
[Date "2018.10.27"]
[Round "8"]
[White "Arauco Celestino, Arianna Sofia"]
[Black "Wikar, Martyna"]
[Result "1-0"]
[ECO "A05"]
[WhiteElo "1610"]
[BlackElo "2024"]
[Annotator "NA"]
[PlyCount "87"]
[EventDate "2018.10.20"]
[EventType "swiss"]
[EventCountry "GRE"]
[SourceTitle "playchess.com"]
[Source "ChessBase"]
[SourceQuality "1"]
[TimeControl "40/5400+30:1800+30"]

1. Nf3 Nf6 2. b3 d6 3. Bb2 Nbd7 4. g3 c6 5. Bg2 e5 6. d3 Be7 7. Nbd2 Qc7 8. c4 O-O 9. O-O Re8 10. e4 Bf8 11. d4 a5 12. a3 h6 13. b4 b5 14. cxb5 cxb5 15. d5 Nb6 16. Qe2 Bd7 17. Rfc1 Qb7 18. bxa5 Rxa5 19. Bc3 Raa8 20. Nb3 Nc4 21. Nfd2 Bg4 22. f3 Nxd2 23. Qxd2 Bd7 24. Na5 Qa6 25. Bb4 Rec8 26. Rxc8 Rxc8 27. Rc1 Qb6+ 28. Kf1 g5 29. Rxc8 Bxc8 30. Nc6 Nd7 31. Bh3 Qa6 32. Qc3 Nb6 33. Bxc8 Qxc8 34. Kg2 f5 35. Qd3 fxe4 36. fxe4 Qa6 37. Qf1 Qa4 38. Qf5 Qc2+ 39. Kh3 Kg7 40. Nd8 Qc8 41. Ne6+ Kg8 42. Qg6+ Kh8 43. Bxd6 Nd7 44. Bxf8 1-0

[Event "WYCC 2018 G14"]
[Site "Halkidiki"]
[Date "2018.10.28"]
[Round "9"]
[White "Nurgali, Nazerke"]
[Black "Hrebenshchykova, Yelyzaveta"]
[Result "0-1"]
[ECO "E92"]
[WhiteElo "2263"]
[BlackElo "1968"]
[Annotator "NA"]
[PlyCount "118"]
[EventDate "2018.10.20"]
[EventType "swiss"]
[EventCountry "GRE"]
[SourceTitle "playchess.com"]
[Source "ChessBase"]
[SourceQuality "1"]
[TimeControl "40/5400+30:1800+30"]

1. d4 Nf6 2. c4 g6 3. Nf3 Bg7 4. Nc3 O-O 5. e4 d6 6. Be2 e5 7. dxe5 dxe5 8. Qxd8 Rxd8 9. Bg5 Re8 10. O-O-O h6 11. Bh4 Na6 12. Ne1 Nc5 13. f3 c6 14. Nc2 Ne6 15. Rd6 Nh5 16. Rd2 Nhf4 17. Bf1 Nd4 18. Bf2 Nfe6 $11 19. Ne2 Rd8 20. Nexd4 Nxd4 21. Nxd4 exd4 22. Bd3 c5 23. f4 b6 24. h4 h5 25. Re2 Bh6 26. Bg3 Re8 27. Kc2 Bg4 28. Rf2 Re7 29. Rb1 Rae8 30. Bh2 Rxe4 31. Bxe4 Rxe4 32. Kd2 f5 33. b4 cxb4 34. Rxb4 Bf8 35. Rb3 Bc5 36. Bg1 a5 37. a3 Re3 38. Rd3 a4 39. g3 Kf7 40. Rh2 Re4 41. Rg2 Ke6 42. Rf2 Kd7 43. Rg2 Kc6 44. Bh2 b5 45. cxb5+ Kxb5 46. Bg1 Kc4 47. Rh2 Bb6 48. Rg2 Bh3 49. Rh2 Bf1 50. Bxd4 Rxd4 51. Rxd4+ Bxd4 52. Rh1 Bc3+ 53. Ke3 Bd3 54. Rd1 Be4 55. Rd6 Kb3 56. Rxg6 Kxa3 57. Rg5 Kb3 58. Rxh5 a3 59. Rh7 Ba5 0-1

[Event "WYCC 2018 G14"]
[Site "Halkidiki"]
[Date "2018.10.28"]
[Round "9"]
[White "Song, Yuxin"]
[Black "Stepanyan, Eva"]
[Result "1-0"]
[ECO "D38"]
[WhiteElo "2178"]
[BlackElo "1981"]
[Annotator "NA"]
[PlyCount "119"]
[EventDate "2018.10.20"]
[EventType "swiss"]
[EventCountry "GRE"]
[SourceTitle "playchess.com"]
[Source "ChessBase"]
[SourceQuality "1"]
[TimeControl "40/5400+30:1800+30"]

1. d4 Nf6 2. c4 e6 3. Nf3 d5 4. Nc3 Bb4 5. Qc2 O-O 6. a3 Be7 7. c5 b6 8. b4 a5 9. Rb1 axb4 10. axb4 bxc5 11. bxc5 Ba6 12. h3 Nc6 13. g4 Qd7 14. Bg2 Rfb8 15. Bb2 Rb4 16. g5 Nh5 17. Qd2 Rab8 18. O-O Na5 19. Na2 R4b5 20. Ne5 Qd8 21. h4 f6 22. gxf6 Bxf6 23. Nc3 Rb4 24. Na2 R4b5 25. Nc3 Rb4 26. Ba3 Rxb1 27. Nxb1 Nc4 28. Nxc4 Bxc4 29. Qe3 Bxh4 30. Qxe6+ Kh8 31. Qe5 Nf6 32. Bf3 Nd7 33. Qf5 Qg5+ 34. Qxg5 Bxg5 35. Bc1 Bxc1 36. Rxc1 Nf6 37. Nd2 Bb5 38. e4 dxe4 39. Nxe4 Bc6 40. Ng5 Bxf3 41. Nxf3 Rd8 42. Ra1 Kg8 43. Kg2 Nd5 44. Kg3 h6 45. Ra6 Nb4 46. Ra7 Nc6 47. Rxc7 Nxd4 48. c6 Nxf3 49. Rd7 Rc8 50. c7 Kh7 51. Kxf3 h5 52. Ke4 h4 53. Kd5 Kh6 54. Kc6 g5 55. Rd8 Rxc7+ 56. Kxc7 g4 57. Rg8 Kh5 58. Kd6 g3 59. fxg3 h3 60. Ke5 1-0

[Event "WYCC 2018 G14"]
[Site "Halkidiki"]
[Date "2018.10.28"]
[Round "9"]
[White "Galvan Cipriani, Viviana"]
[Black "Zeliantsova, Kseniya"]
[Result "1/2-1/2"]
[ECO "A16"]
[WhiteElo "2109"]
[BlackElo "1804"]
[Annotator "NA"]
[PlyCount "117"]
[EventDate "2018.10.20"]
[EventType "swiss"]
[EventCountry "GRE"]
[SourceTitle "playchess.com"]
[Source "ChessBase"]
[SourceQuality "1"]
[TimeControl "40/5400+30:1800+30"]

1. c4 Nf6 2. g3 d5 3. cxd5 Nxd5 4. Bg2 g6 5. Nc3 Nb6 6. Nf3 Bg7 7. d3 Nc6 8. Be3 O-O 9. Rc1 Nd5 10. Bd2 h6 11. O-O Be6 12. a3 Kh7 13. Qc2 Rb8 14. Rfd1 Nb6 15. b4 a6 16. Ne4 Bd5 17. Nc5 Bxf3 18. Bxf3 Nd4 19. Qa2 Nxf3+ 20. exf3 Nd5 21. d4 c6 22. Qc4 Nb6 23. Qe2 Qd5 24. Bf4 Ra8 25. Nxb7 Rfe8 26. Na5 Qb5 27. Qe4 Nd5 28. Rxc6 Nxf4 29. Qxf4 Qe2 30. Rdc1 Bf6 31. Qe3 Qb2 32. R6c4 e5 33. dxe5 Rxe5 34. Qb3 Re2 35. R4c2 Qxb3 36. Nxb3 Rae8 37. Rxe2 Rxe2 38. Rc6 Kg7 39. Rxa6 Rb2 40. Na5 Bd4 41. Kg2 Rxf2+ 42. Kh3 Ra2 43. Nc4 Bg1 44. Kg4 h5+ 45. Kg5 Rxh2 46. Ne5 Rg2 47. g4 Bd4 48. Nxg6 fxg6 49. Rxg6+ Kf7 50. Rc6 Be3+ 51. Kf5 h4 52. Rc7+ Ke8 53. Rh7 Rh2 54. g5 h3 55. g6 Bd4 56. a4 Rb2 57. Rxh3 Rxb4 58. Rh4 Rxa4 59. Re4+ 1/2-1/2

[Event "WYCC 2018 G14"]
[Site "Halkidiki"]
[Date "2018.10.28"]
[Round "9"]
[White "Garifullina, Leya"]
[Black "Divya Deshmukh"]
[Result "1/2-1/2"]
[ECO "B01"]
[WhiteElo "2106"]
[BlackElo "2180"]
[Annotator "NA"]
[PlyCount "67"]
[EventDate "2018.10.20"]
[EventType "swiss"]
[EventCountry "GRE"]
[SourceTitle "playchess.com"]
[Source "ChessBase"]
[SourceQuality "1"]
[TimeControl "40/5400+30:1800+30"]

1. e4 d5 2. exd5 Nf6 3. Nf3 Qxd5 4. d4 Bg4 5. Be2 Nc6 6. O-O O-O-O 7. c4 Qf5 8. Be3 e5 9. d5 e4 10. Nd4 Nxd4 11. Bxd4 Bd6 12. Re1 Rde8 13. Nd2 Be5 14. Nf1 Bxe2 15. Rxe2 Kb8 16. a4 Bxd4 17. Qxd4 Qe5 18. Qxe5 Rxe5 19. Rae1 c6 20. dxc6 bxc6 21. b4 Rhe8 22. Rd1 Kc7 23. Red2 a6 24. Ne3 Rb8 25. Nc2 Re7 26. Rd6 Rd7 27. Rxd7+ Nxd7 28. Re1 f5 29. f3 Nf6 30. fxe4 fxe4 31. Kf2 Rd8 32. Ke2 Rd3 33. Rb1 Rc3 34. Ne3 1/2-1/2

[Event "WYCC 2018 G14"]
[Site "Halkidiki"]
[Date "2018.10.28"]
[Round "9"]
[White "Krasteva, Beloslava"]
[Black "Arauco Celestino, Arianna Sofia"]
[Result "1-0"]
[ECO "D31"]
[WhiteElo "2089"]
[BlackElo "1610"]
[Annotator "NA RC"]
[PlyCount "37"]
[EventDate "2018.10.20"]
[EventType "swiss"]
[EventCountry "GRE"]
[SourceTitle "playchess.com"]
[Source "ChessBase"]
[SourceQuality "1"]
[TimeControl "40/5400+30:1800+30"]

1. d4 d5 2. c4 e6 3. Nc3 dxc4 4. e3 a6 5. a4 Bb4 6. Bxc4 Nf6 7. Nf3 c5 8. O-O cxd4 9. exd4 O-O 10. Bg5 Nc6 11. Rc1 Rb8 12. Bd3 Be7 13. Bf4 Bd6 14. Ne5 Qc7 15. Ne4 Nxe4 16. Bxe4 Bd7 17. b4 f6 18. Qh5 fxe5 19. Bxh7+ 1-0

[Event "WYCC 2018 G14"]
[Site "Halkidiki"]
[Date "2018.10.28"]
[Round "9"]
[White "Mironenko, Galina"]
[Black "Lomaia, Diana"]
[Result "1-0"]
[ECO "E67"]
[WhiteElo "2053"]
[BlackElo "1876"]
[Annotator "NA"]
[PlyCount "61"]
[EventDate "2018.10.20"]
[EventType "swiss"]
[EventCountry "GRE"]
[SourceTitle "playchess.com"]
[Source "ChessBase"]
[SourceQuality "1"]
[TimeControl "40/5400+30:1800+30"]

1. Nf3 Nf6 2. d4 g6 3. c4 Bg7 4. g3 O-O 5. Bg2 d6 6. O-O Nbd7 7. Nc3 e5 8. b3 c6 9. e4 exd4 10. Nxd4 Nc5 11. f3 Qb6 12. Be3 Rd8 13. Qc2 a5 14. Rab1 Qc7 15. Rfd1 Nfd7 16. f4 Re8 17. Bf2 Nf8 18. h3 h5 19. Qd2 Be6 20. f5 Bd7 21. g4 hxg4 22. hxg4 Be5 23. Nde2 Rad8 24. Bh4 Ra8 25. Bf3 Nh7 26. Kg2 Kg7 27. Rh1 Kg8 28. Bg3 Bxg3 29. Nxg3 Bc8 30. Qh6 f6 31. Qxg6+ 1-0

[Event "WYCC 2018 G14"]
[Site "Halkidiki"]
[Date "2018.10.28"]
[Round "9"]
[White "Wikar, Martyna"]
[Black "De Rycke, Tyani"]
[Result "1-0"]
[ECO "B40"]
[WhiteElo "2024"]
[BlackElo "1758"]
[Annotator "NA"]
[PlyCount "87"]
[EventDate "2018.10.20"]
[EventType "swiss"]
[EventCountry "GRE"]
[SourceTitle "playchess.com"]
[Source "ChessBase"]
[SourceQuality "1"]
[TimeControl "40/5400+30:1800+30"]

1. e4 c5 2. Nf3 e6 3. d4 cxd4 4. Nxd4 Nf6 5. Nc3 Nc6 6. Ndb5 Bb4 7. Bf4 Bxc3+ 8. Nxc3 d5 9. exd5 exd5 10. Bd3 O-O 11. O-O d4 12. Ne4 Nd5 13. Bg3 f5 14. Nd6 f4 15. Bxh7+ Kxh7 16. Qh5+ Kg8 17. Qxd5+ Kh7 18. Qe4+ g6 19. Bxf4 Qf6 20. Bg3 Kg8 21. Rfe1 Bd7 22. Rad1 b6 23. a3 Rad8 24. h3 a6 25. Qd5+ Kh7 26. Rd3 Qg7 27. Be5 Nxe5 28. Qxe5 Bf5 29. Rxd4 Qxe5 30. Rxe5 Bxc2 31. Re2 Bb1 32. Re7+ Kh6 33. g3 Kg5 34. Ne4+ Kh6 35. Rxd8 Rxd8 36. Nc3 Bf5 37. g4 Bc8 38. Kg2 b5 39. Kg3 Rd3+ 40. f3 Rd2 41. Ne4 Rd7 42. g5+ Kh5 43. h4 Rxe7 44. Nf6# 1-0

[Event "WYCC 2018 G14"]
[Site "Halkidiki"]
[Date "2018.10.28"]
[Round "9"]
[White "Toncheva, Nadya"]
[Black "Velea, Anne-Marie"]
[Result "1/2-1/2"]
[ECO "D31"]
[WhiteElo "2002"]
[BlackElo "1859"]
[Annotator "NA"]
[PlyCount "84"]
[EventDate "2018.10.20"]
[EventType "swiss"]
[EventCountry "GRE"]
[SourceTitle "playchess.com"]
[Source "ChessBase"]
[SourceQuality "1"]
[TimeControl "40/5400+30:1800+30"]

1. d4 d5 2. c4 e6 3. Nc3 Be7 4. cxd5 exd5 5. Bf4 c6 6. e3 Bf5 7. Nge2 Nf6 8. Ng3 Bg6 9. Bd3 Bxd3 10. Qxd3 g6 11. f3 Nbd7 12. O-O O-O 13. Rad1 Qb6 14. Kh1 Rad8 15. e4 Rc8 16. e5 Ne8 17. Bh6 Ng7 18. f4 f5 19. Nge2 Rf7 20. Bxg7 Rxg7 21. Qf3 Nf8 22. Rc1 Re8 23. Na4 Qb4 24. b3 Ne6 25. Rfd1 Qa5 26. g4 Rf8 27. g5 Kf7 28. Kg2 h6 29. h4 Rh7 30. Rh1 Rfh8 31. Qf2 Qd2 32. Nac3 Qd3 33. Rh3 Qa6 34. Rch1 h5 35. Qf3 Rc8 36. Qd3 Qxd3 37. Rxd3 Rhh8 38. Rb1 Rc7 39. b4 a6 40. Kf3 Rhc8 41. Nc1 Ke8 42. Ke3 b5 {[%emt 0:02:49] Ke4} 1/2-1/2

[Event "WYCC 2018 G14"]
[Site "Halkidiki"]
[Date "2018.10.28"]
[Round "9"]
[White "Kamalidenova, Meruert"]
[Black "Wen, Yili"]
[Result "1-0"]
[ECO "E06"]
[WhiteElo "1999"]
[BlackElo "2083"]
[Annotator "NA"]
[PlyCount "103"]
[EventDate "2018.10.20"]
[EventType "swiss"]
[EventCountry "GRE"]
[SourceTitle "playchess.com"]
[Source "ChessBase"]
[SourceQuality "1"]
[TimeControl "40/5400+30:1800+30"]

1. d4 Nf6 2. c4 e6 3. g3 d5 4. Bg2 Be7 5. Nf3 O-O 6. O-O dxc4 7. Qc2 a6 8. a4 Bd7 9. Rd1 Bc6 10. Nc3 Bxf3 11. Bxf3 Nc6 12. Bxc6 bxc6 13. e4 a5 14. Qe2 Qd7 15. Qxc4 Rfb8 16. Qe2 Rb4 17. Be3 Rab8 18. Rd2 Qc8 19. Rc1 Qb7 20. Rcc2 Bf8 21. Bf4 Rd8 22. Qd1 Nd7 23. d5 cxd5 24. exd5 e5 25. Bg5 f6 26. Be3 Bc5 27. Nb5 Rxa4 28. Bxc5 Qxb5 29. Be7 Re8 30. Ba3 Rd4 31. Rxc7 Qxd5 32. Rcc2 Nf8 33. Qh5 Qf7 34. Qxf7+ Kxf7 35. Rc7+ Ke6 36. Rdc2 Nd7 37. Ra7 Rd5 38. f3 g6 39. Kf2 h5 40. Rcc7 Rd8 41. Ra6+ Kf5 42. Rcc6 Re8 43. Rd6 Rxd6 44. Rxd6 Nb8 45. h3 Rc8 46. g4+ hxg4 47. hxg4+ Kg5 48. Kg3 Rc2 49. b4 Nc6 50. b5 Nd4 51. Rxd4 Rc3 52. Rd3 1-0

[Event "WYCC 2018 G14"]
[Site "Halkidiki"]
[Date "2018.10.28"]
[Round "9"]
[White "Guillo Longares, Cecilia"]
[Black "Ferguson, Dayna"]
[Result "1/2-1/2"]
[ECO "A50"]
[WhiteElo "1998"]
[BlackElo "1434"]
[Annotator "NA"]
[PlyCount "117"]
[EventDate "2018.10.20"]
[EventType "swiss"]
[EventCountry "GRE"]
[SourceTitle "playchess.com"]
[Source "ChessBase"]
[SourceQuality "1"]
[TimeControl "40/5400+30:1800+30"]

1. d4 Nf6 2. c4 Nc6 3. Nc3 e5 4. d5 Ne7 5. h4 Neg8 6. Nf3 Ng4 7. Bg5 f6 8. Bd2 Bc5 9. e3 d6 10. b4 Bb6 11. Qb3 a6 12. a4 Ne7 13. Be2 f5 14. O-O h6 15. Ne1 Nf6 16. a5 Ba7 17. b5 O-O 18. Nd3 Kh8 19. Rfb1 Ne4 20. Be1 Ng6 21. h5 Nh4 22. b6 Bb8 23. g3 g5 24. gxh4 gxh4 25. Bf3 Qg5+ 26. Kf1 h3 27. Ke2 Nf6 28. Bh1 Qxh5+ 29. f3 Rg8 30. Bf2 h2 31. Kd2 Qg6 32. Ne2 Nh5 33. Qc3 Kh7 34. Rf1 Qf7 35. f4 e4 36. Nb2 c6 37. Qd4 cxd5 38. cxd5 Nf6 39. Nc3 Bd7 40. Bh4 Ng4 41. Rae1 Rc8 42. Rc1 Rc5 43. Nba4 Rxa5 44. Qb4 Rxd5+ 45. Nxd5 Qxd5+ 46. Ke1 Nxe3 47. Rf2 Ng4 48. Rd2 Qe6 49. Nc3 Bc6 50. Rdd1 d5 51. Ne2 Bd6 52. Qb3 Qd7 53. Rd4 Bf8 54. Qh3 Bg7 55. Rd2 Qd6 56. Qb3 a5 57. Bg3 a4 58. Qa2 Qb4 59. Rb1 1/2-1/2

[Event "WYCC 2018 G14"]
[Site "Halkidiki"]
[Date "2018.10.28"]
[Round "9"]
[White "Mrudul Dehankar"]
[Black "Baiburina, Kamilla"]
[Result "1-0"]
[ECO "C26"]
[WhiteElo "1996"]
[BlackElo "1907"]
[Annotator "NA RC"]
[PlyCount "41"]
[EventDate "2018.10.20"]
[EventType "swiss"]
[EventCountry "GRE"]
[SourceTitle "playchess.com"]
[Source "ChessBase"]
[SourceQuality "1"]
[TimeControl "40/5400+30:1800+30"]

1. e4 e5 2. Nc3 Nf6 3. Bc4 d6 4. Nf3 Be7 5. d4 Nbd7 6. O-O O-O 7. Re1 c6 8. a4 a5 9. h3 Qc7 10. Bb3 Re8 11. Ng5 Rf8 12. Be3 Nb6 13. Qe2 h6 14. Nf3 Nfd7 15. Rad1 Bf6 16. dxe5 dxe5 17. Nh2 Be7 18. Qh5 Nc5 19. Bxh6 Nxb3 20. Bxg7 Kxg7 21. Re3 1-0

[Event "WYCC 2018 G14"]
[Site "Halkidiki"]
[Date "2018.10.28"]
[Round "9"]
[White "Matus, Nastassja"]
[Black "Behzad Nazif, Parva"]
[Result "*"]
[ECO "E72"]
[WhiteElo "1983"]
[BlackElo "1859"]
[Annotator "NA RC"]
[PlyCount "186"]
[EventDate "2018.10.20"]
[EventType "swiss"]
[EventCountry "GRE"]
[SourceTitle "playchess.com"]
[Source "ChessBase"]
[SourceQuality "1"]
[TimeControl "40/5400+30:1800+30"]

1. d4 Nf6 2. c4 g6 3. g3 Bg7 4. Bg2 d6 5. Nc3 O-O 6. e4 e5 7. Nge2 Nc6 8. d5 Ne7 9. O-O Nd7 10. Be3 f5 11. f4 exf4 12. Nxf4 Ne5 13. Qe2 fxe4 14. Nxe4 Nf5 15. Bf2 Nh6 16. h3 Qe7 17. Rac1 Bf5 18. b3 Rae8 19. Rce1 Nhf7 20. Qd1 Qd7 21. Kh2 Qd8 22. Bg1 Ng5 23. Nxg5 Qxg5 24. Be3 Qd8 25. Ne6 Bxe6 26. dxe6 c6 27. Rxf8+ Bxf8 28. Bf4 Qf6 29. c5 Rxe6 30. cxd6 Bxd6 31. Rf1 Qe7 32. h4 Nf7 33. Bxd6 Rxd6 34. Qc2 Rf6 35. Rd1 Ne5 36. Kh1 Kg7 37. Re1 Qd6 38. Rd1 Qc7 39. Qe4 Nf7 40. Kh2 b6 41. Qd4 Qe5 42. Qd7 a5 43. Qb7 g5 44. hxg5 Qxg5 45. Qd7 Qh6+ 46. Bh3 Qh5 47. Rd2 Qe5 48. Qg4+ Rg6 49. Qf3 Qf6 50. Qe3 Qg5 51. Qc3+ Kh6 52. Rd4 Qe5 53. Qd2+ Kg7 54. Qd3 c5 55. Re4 Qf6 56. Re2 Ne5 57. Qd5 Nf3+ 58. Kg2 Nd4 59. Rf2 Qe7 60. Qh5 Qc7 61. Qh4 Qb7+ 62. Kh2 Nf3+ 63. Rxf3 Qxf3 64. Qe7+ Kh6 65. Qh4+ Kg7 66. Qe7+ Qf7 67. Qe5+ Rf6 68. Qg5+ Kf8 69. Qe5 Qe7 70. Qh5 Qe4 71. Bg2 Qg6 72. Qe2 Qg5 73. Qd3 Qh5+ 74. Bh3 Kg7 75. Qd7+ Qf7 76. Qg4+ Rg6 77. Qe2 Qc7 78. Qe3 Qf7 79. Qe2 Qf6 80. Qd2 Qd4 81. Qe2 Qd6 82. Qe3 h6 83. Qc3+ Qd4 84. Qe1 Qb2+ 85. Bg2 Qf6 86. Qd2 Qd6 87. Qc3+ Rf6 88. Qe3 Qe6 89. Qd2 Qf7 90. Qe2 Rf5 91. Qb2+ Qf6 92. Qe2 Qe5 93. Qg4+ Kf8 *

[Event "WYCC 2018 G14"]
[Site "Halkidiki"]
[Date "2018.10.28"]
[Round "9"]
[White "Ziegenfuss, Antonia"]
[Black "Zeng, Sheena"]
[Result "1/2-1/2"]
[ECO "E04"]
[WhiteElo "1969"]
[BlackElo "1807"]
[Annotator "NA RC"]
[PlyCount "75"]
[EventDate "2018.10.20"]
[EventType "swiss"]
[EventCountry "GRE"]
[SourceTitle "playchess.com"]
[Source "ChessBase"]
[SourceQuality "1"]
[TimeControl "40/5400+30:1800+30"]

1. d4 Nf6 2. c4 e6 3. Nf3 d5 4. g3 dxc4 5. Bg2 a6 6. a4 Nc6 7. O-O Rb8 8. Nc3 b5 9. axb5 axb5 10. Bg5 Be7 11. Bxf6 Bxf6 12. Nxb5 Rxb5 13. Qa4 Rb4 14. Qxc6+ Bd7 15. Qc5 Be7 16. Qh5 O-O 17. Ne5 g6 18. Qf3 f6 19. Nc6 Bxc6 20. Qxc6 Qd6 21. Ra6 Qxc6 22. Rxc6 Bd6 23. e3 Rxb2 24. Rxc4 Rfb8 25. Rfc1 Rb1 26. Bf1 Rxc1 27. Rxc1 Kf7 28. Bd3 f5 29. Kg2 Kf6 30. h4 h6 31. Rb1 Rxb1 32. Bxb1 c5 33. dxc5 Bxc5 34. e4 fxe4 35. Bxe4 g5 36. f4 gxf4 37. gxf4 e5 38. f5 1/2-1/2

[Event "WYCC 2018 G14"]
[Site "Halkidiki"]
[Date "2018.10.28"]
[Round "9"]
[White "Randrianarimanana, Alicia"]
[Black "Tien, Sophie"]
[Result "1-0"]
[ECO "C54"]
[WhiteElo "1947"]
[BlackElo "1648"]
[Annotator "NA"]
[PlyCount "131"]
[EventDate "2018.10.20"]
[EventType "swiss"]
[EventCountry "GRE"]
[SourceTitle "playchess.com"]
[Source "ChessBase"]
[SourceQuality "1"]
[TimeControl "40/5400+30:1800+30"]

1. e4 e5 2. Nf3 Nc6 3. Bc4 Bc5 4. c3 Nf6 5. d4 exd4 6. e5 d5 7. Bb5 Ne4 8. cxd4 Bb6 9. Nc3 O-O 10. Be3 f5 11. g3 Be6 12. Bxc6 bxc6 13. Na4 Qe7 14. Qc2 Qb4+ 15. Nc3 Ba5 16. a3 Qc4 17. Nd2 Bxc3 18. bxc3 Nxd2 19. Qxd2 Rab8 20. f4 Rb3 21. Kf2 Rfb8 22. Rhc1 Rb2 23. Rc2 Rxc2 24. Qxc2 Rb3 25. Qe2 Rxc3 26. Qxc4 Rxc4 27. Rc1 Kf7 28. Ke2 Ke7 29. Kd3 Ra4 30. Rc3 Ra6 31. Rb3 Rb6 32. Kc2 Kd7 33. Bd2 Ra6 34. Bb4 Kc8 35. Rf3 Kb8 36. Rf1 g6 37. Kd3 Rb6 38. Rc1 Kb7 39. Rc2 Rb5 40. Ke2 Bd7 41. Kf2 Rb6 42. Kg2 Ka6 43. Kh3 Kb5 44. Kh4 Rb8 45. Kg5 Be6 46. Kf6 Re8 47. Kg7 Bg8 48. h3 a5 49. Rc5+ Kb6 50. Bxa5+ Kb7 51. g4 fxg4 52. hxg4 Be6 53. Kxh7 Bxg4 54. Kxg6 Rf8 55. Bd2 Be6 56. Rc1 Kb6 57. Rf1 Bf5+ 58. Kg7 Re8 59. Kf7 Re6 60. Bb4 Kb7 61. Rg1 Rh6 62. Rg5 Rh7+ 63. Kf6 Bd7 64. f5 Kc8 65. Rg8+ Kb7 66. e6 1-0

[Event "WYCC 2018 G14"]
[Site "Halkidiki"]
[Date "2018.10.28"]
[Round "9"]
[White "Lehaci, Miruna-Daria"]
[Black "Mehmed, Elif"]
[Result "1-0"]
[ECO "B90"]
[WhiteElo "1933"]
[BlackElo "2049"]
[Annotator "NA RC"]
[PlyCount "63"]
[EventDate "2018.10.20"]
[EventType "swiss"]
[EventCountry "GRE"]
[SourceTitle "playchess.com"]
[Source "ChessBase"]
[SourceQuality "1"]
[TimeControl "40/5400+30:1800+30"]

1. e4 c5 2. Nf3 d6 3. d4 cxd4 4. Nxd4 Nf6 5. Nc3 a6 6. Be3 e6 7. g4 b5 8. g5 Nfd7 9. a3 Bb7 10. h4 Nb6 11. h5 N8d7 12. g6 hxg6 13. hxg6 Rxh1 14. gxf7+ Kxf7 15. Qf3+ Qf6 16. Qxh1 Nc5 17. Bh3 Nba4 18. Nxa4 bxa4 19. f3 d5 20. O-O-O dxe4 21. fxe4 Bxe4 22. Qh2 Kg8 23. Rf1 Qg6 24. Qc7 Qe8 25. Qe5 Rc8 26. Kb1 Bd5 27. Bg4 Qg6 28. Bh5 Qe4 29. Bf7+ Kh8 30. Qg5 Bd6 31. Bg6 Be7 32. Qh5+ 1-0

[Event "WYCC 2018 G14"]
[Site "Halkidiki"]
[Date "2018.10.28"]
[Round "9"]
[White "Zhu, Evelyn"]
[Black "Dhyana Patel"]
[Result "1-0"]
[ECO "D85"]
[WhiteElo "1926"]
[BlackElo "2002"]
[Annotator "NA"]
[PlyCount "73"]
[EventDate "2018.10.20"]
[EventType "swiss"]
[EventCountry "GRE"]
[SourceTitle "playchess.com"]
[Source "ChessBase"]
[SourceQuality "1"]
[TimeControl "40/5400+30:1800+30"]

1. d4 Nf6 2. c4 g6 3. Nc3 d5 4. cxd5 Nxd5 5. g3 Bg7 6. Bg2 Nxc3 7. bxc3 O-O 8. e3 c5 9. Ne2 Nc6 10. O-O Qc7 11. a4 Rd8 12. Ba3 b6 13. Qc2 Bb7 14. Rfd1 cxd4 15. cxd4 Rac8 16. Rac1 Qd7 17. Qb1 Na5 18. Bxb7 Qxb7 19. Qd3 Rxc1 20. Rxc1 e5 21. Bb2 exd4 22. Nxd4 Bxd4 23. Bxd4 Qd5 24. Qc3 Qd7 25. Bf6 Re8 26. Qb4 Nb7 27. Qf4 Qe6 28. Bb2 Nc5 29. Rd1 Ne4 30. Rd4 Qa2 31. Qxe4 Rc8 32. Rd2 Qe6 33. Qd4 f6 34. Qxf6 Rc1+ 35. Kg2 Qxf6 36. Bxf6 Kf7 37. Be5 1-0